Map: Fields of Death

Players

Alebay - Winner!

  • Race: Protoss Protoss
  • Spawn Location: 6:00

MattBarry - Winner!

  • Race: Zerg Zerg
  • League: Gold
  • Spawn Location: 7:00

VOD

Have the link to the VOD?

Description

Time

  • Played on: Jan. 27, 2023, 4:40 p.m.
  • Length: 6:02
Show
View Real Time Build Order
Export as new Build Order

Alebay Protoss - Winner!

Build Orders:  

Get SALT Encoding   

  12  0:03  Probe (Chrono Boost)  
  13  0:19  Probe (Chrono Boost)  
  14  0:25  Pylon  
  14  0:36  Probe (Chrono Boost)  
  15  0:40  Assimilator  
  15  0:53  Probe (Chrono Boost)  
  16  1:00  Gateway  
  17  1:10  Probe (Chrono Boost)  
  17  1:24  Gateway  
  17  1:27  Probe (Chrono Boost)  
  18  1:44  Probe (Chrono Boost)  
  18  1:45  Gateway  
  19  1:57  Assimilator  
  20  2:01  Probe (Chrono Boost)  
  20  2:08  Zealot  
  22  2:18  Pylon  
  22  2:23  Probe (Chrono Boost)  
  23  2:40  Pylon  
  23  2:43  Zealot  
  25  2:51  Zealot  
  27  3:00  Zealot  
  29  3:14  Probe (Chrono Boost)  
  30  3:33  Zealot  
  30  3:34  Zealot  
  34  3:47  Pylon  
  34  3:50  Cybernetics Core  
  34  4:00  Zealot  
  36  4:16  Zealot  
  36  4:17  Zealot  
  40  4:46  Zealot  
Show
View Real Time Build Order
Export as new Build Order

MattBarry Zerg - Winner!

Build Orders:  

Get SALT Encoding   

  12  0:00  Drone  
  13  0:13  Drone  
  14  0:25  Extractor  
  14  0:26  Drone  
  14  0:49  Spawning Pool  
  13  0:56  Overlord  
  13  1:05  Drone  
  14  1:22  Drone x2  
  16  1:38  Drone  
  17  1:58  Zergling x2  
  17  1:59  Zergling x2  
  19  2:13  Zergling x2  
  19  2:14  Queen  
  22  2:31  Overlord  
  22  2:51  Metabolic Boost  
  22  2:59  Zergling x4  
  24  3:12  Zergling x2  
  24  3:31  Zergling x2  
  24  3:51  Zergling x2  
  24  3:52  Zergling x6  
  28  4:14  Zergling x2  
  28  4:15  Hatchery  
  26  4:38  Zergling x8  
Tags
 
League
Gold
Matchup
Co-op
Replay Pack
Multiplayer
Add a new tag
Caveats
  • Supply blocks, unpowered buildings, or Contaminate may cause inaccurate times.
  • Supply counts are checked every 10 seconds.